 Dungeon Crawl Stone Soup version 0.27-a0-1248-g57ac2eb73c (webtiles) character file.

Game seed: 11886323723001316610

437 Ijustatesigmund the Shield-Bearer (level 7, -4/59 HPs)
             Began as a Gnoll Fighter on June 10, 2021.
             Slain by a wyvern zombie (11 damage)
             ... on level 4 of the Dungeon.
             The game lasted 00:04:05 (3246 turns).

Ijustatesigmund the Shield-Bearer (Gnoll Fighter)   Turns: 3246, Time: 00:04:06

Health: -4/59      AC: 10    Str: 15    XL:     7   Next: 1%
Magic:  10/10      EV:  6    Int:  9    God:
Gold:   91         SH: 10    Dex: 12    Spells: 10/10 levels left

rFire    . . .     SeeInvis .   a - +1 war axe
rCold    . . .     Faith    .   c - +0 kite shield
rNeg     . . .     Spirit   .   b - +0 chain mail
rPois    .         Reflect  .   (no helmet)
rElec    .         Harm     .   (no cloak)
rCorr    .         Rampage  .   (no gloves)
Will     .....                  (no boots)
Stlth    ..........             (no amulet)
HPRegen  0.19/turn              (no ring)
MPRegen  0.12/turn              (no ring)

@: mighty
A: fangs 1, strong nose, distributed training
a: no special abilities


You were on level 4 of the Dungeon.
You visited 1 branch of the dungeon, and saw 4 of its levels.

You collected 91 gold pieces.

Inventory:

Hand Weapons
 a - a +1 war axe (weapon)
Armour
 b - a +0 chain mail (worn)
 c - a +0 kite shield (worn)
Wands
 i - a wand of digging (8)
 m - a wand of flame (27)
Scrolls
 g - 2 scrolls of identify
Potions
 e - a potion of attraction
 h - a potion of lignification
 j - 2 potions of cancellation
 k - a potion of brilliance
 l - a potion of curing


   Skills:
 + Level 6.9 Fighting
 + Level 2.2 Short Blades
 + Level 2.2 Long Blades
 + Level 5.1 Axes
 + Level 2.2 Maces & Flails
 + Level 2.2 Polearms
 + Level 2.2 Staves
 + Level 2.2 Slings
 + Level 2.2 Bows
 + Level 2.2 Crossbows
 + Level 2.2 Throwing
 + Level 6.9 Armour
 + Level 2.2 Dodging
 + Level 2.2 Stealth
 + Level 6.9 Shields
 + Level 2.2 Unarmed Combat
 + Level 2.2 Spellcasting
 + Level 1.7 Conjurations
 + Level 1.7 Hexes
 + Level 1.7 Summonings
 + Level 1.7 Necromancy
 + Level 1.7 Translocations
 + Level 1.7 Transmutations
 + Level 1.7 Fire Magic
 + Level 1.7 Ice Magic
 + Level 1.7 Air Magic
 + Level 1.7 Earth Magic
 + Level 1.7 Poison Magic
 + Level 2.4 Invocations
 + Level 2.2 Evocations


You had 10 spell levels left.
You didn't know any spells.
Your spell library contained the following spells:

 Spells                   Type           Power      Damage    Failure   Level
 Magic Dart               Conj           16%        1d3       100%        1
 Blink                    Tloc           N/A        N/A       100%        2
 Call Imp                 Summ           4%         N/A       100%        2
 Slow                     Hex            4%         N/A       100%        2
 Conjure Flame            Conj/Fire      4%         6-21      100%        3
 Mephitic Cloud           Conj/Pois/Air  4%         N/A       100%        3


Dungeon Overview and Level Annotations

Branches:
Dungeon (4/15)
 Temple: D:4-7

Altars:


Innate Abilities, Weirdness & Mutations

You have very sharp teeth.
Your uncanny sense of smell can sniff out nearby items.
Your experience applies equally to all skills.


Message History

The scorpion is almost dead.
You feel very sick. You block the scorpion's attack. The scorpion stings you.
You closely miss the scorpion.
The scorpion is almost dead.
You feel sick. The scorpion stings you.
You are more poisoned.
The scorpion poisons you! The scorpion stings you.
You slash the scorpion!
You kill the scorpion!
You feel very sick.
You have reached level 7!
You feel very sick.
You feel sick.
You feel sick.
You feel sick.
You feel sick.
You feel sick.
A wyvern zombie comes into view.
You feel sick.
You feel sick.
You feel sick.
You are no longer poisoned.
You completely miss the wyvern zombie. The wyvern zombie bites you.
* * * LOW HITPOINT WARNING * * *
You block the wyvern zombie's attack.
Your chain mail prevents you from hitting the wyvern zombie.
You bite the wyvern zombie, but do no damage.
The wyvern zombie barely misses you. The wyvern zombie bites you.
* * * LOW HITPOINT WARNING * * *
You hit the wyvern zombie but do no damage.
You block the wyvern zombie's attack. The wyvern zombie bites you.
* * * LOW HITPOINT WARNING * * *
You feel very mighty all of a sudden. The wyvern zombie bites you.
* * * LOW HITPOINT WARNING * * *
You hit the wyvern zombie.
The wyvern zombie is lightly damaged.
The wyvern zombie bites you!
You die...

#.# ### ##.# .# #.# #.. ...
... #.# #.# ####.## ... #.#
#.. .....# .. #.# #.#
#..#####.#.#.# #.# #.#
#............#
###.#######.##
##...####.#.#>#
.............#####.....###
|$
...........#.#..@Z.........
...
##.####................####
### ##.##
#.######.#######.#
#)#.###.# #.# .# .###....#
#.# .# ..#.###.### #.# .#
.#........# #.# .#..###.#.#
#.# ....# #.# #.#


You could see a wyvern zombie.

Vanquished Creatures
  Sigmund (D:3)
  2 scorpions (D:4)
  A water moccasin skeleton (D:4)
  A hound (D:4)
  2 gnolls (D:4)
  2 adders
  2 dart slugs
  4 bats
  4 endoplasms
  4 giant cockroaches
  9 goblins
  3 hobgoblins
  5 kobolds
  2 quokkas (D:1)
  7 ball pythons
  3 frilled lizards
  4 rats
56 creatures vanquished.

Vanquished Creatures (others)
  A fungus (D:4)
  6 plants (D:4)
7 creatures vanquished.

Grand Total: 63 creatures vanquished

Notes
Turn   | Place    | Note
-------+----------+-------------------------------------------
     0 | D:1      | Ijustatesigmund the Gnoll Fighter began the quest for the
                  | Orb.
     0 | D:1      | Reached XP level 1. HP: 23/23 MP: 1/1
   156 | D:1      | Reached XP level 2. HP: 24/29 MP: 2/2
   380 | D:1      | Reached XP level 3. HP: 30/35 MP: 3/3
   493 | D:1      | Found a faded altar of an unknown god.
   937 | D:2      | Reached skill level 1 in Invocations
  1631 | D:2      | Reached skill level 1 in Short Blades
  1631 | D:2      | Reached skill level 1 in Long Blades
  1631 | D:2      | Reached skill level 1 in Maces & Flails
  1631 | D:2      | Reached skill level 1 in Polearms
  1631 | D:2      | Reached skill level 1 in Staves
  1631 | D:2      | Reached skill level 1 in Slings
  1631 | D:2      | Reached skill level 1 in Bows
  1631 | D:2      | Reached skill level 1 in Crossbows
  1631 | D:2      | Reached skill level 1 in Throwing
  1631 | D:2      | Reached skill level 1 in Dodging
  1631 | D:2      | Reached skill level 1 in Stealth
  1631 | D:2      | Reached skill level 1 in Unarmed Combat
  1631 | D:2      | Reached skill level 1 in Spellcasting
  1631 | D:2      | Reached skill level 1 in Evocations
  2010 | D:3      | Reached XP level 4. HP: 41/41 MP: 5/5
  2223 | D:3      | Noticed Sigmund
  2230 | D:3      | Killed Sigmund
  2231 | D:3      | Reached skill level 1 in Conjurations
  2231 | D:3      | Reached skill level 1 in Hexes
  2231 | D:3      | Reached skill level 1 in Summonings
  2231 | D:3      | Reached skill level 1 in Necromancy
  2231 | D:3      | Reached skill level 1 in Translocations
  2231 | D:3      | Reached skill level 1 in Transmutations
  2231 | D:3      | Reached skill level 1 in Fire Magic
  2231 | D:3      | Reached skill level 1 in Ice Magic
  2231 | D:3      | Reached skill level 1 in Air Magic
  2231 | D:3      | Reached skill level 1 in Earth Magic
  2231 | D:3      | Reached skill level 1 in Poison Magic
  2231 | D:3      | Reached XP level 5. HP: 47/47 MP: 5/7
  2625 | D:4      | Reached XP level 6. HP: 53/53 MP: 8/8
  3069 | D:4      | Reached skill level 5 in Axes
  3228 | D:4      | Reached XP level 7. HP: 26/59 MP: 10/10
  3246 | D:4      | Slain by a wyvern zombie

Illustrated notes

Levels and vault maps discovered:
D:1:      dpeg_arrival_boxes_within_box, layout_rooms,
          ebering_ecumenical_altar_rust
D:2:      layout_basic
D:3:      layout_basic, uniq_sigmund
D:4:      layout_loops_ring, grunt_temple_overflow_forces_of_nature,
          minmay_close_crescents, uniq_pikel

Skill      XL: |  1  2  3  4  5  6 |
---------------+-------------------+-----
Invocations    | 1 2 |  2.4
Short Blades   | 1 2 |  2.2
Long Blades    | 1 2 |  2.2
Maces & Flails | 1 2 |  2.2
Polearms       | 1 2 |  2.2
Staves         | 1 2 |  2.2
Slings         | 1 2 |  2.2
Bows           | 1 2 |  2.2
Crossbows      | 1 2 |  2.2
Throwing       | 1 2 |  2.2
Dodging        | 1 2 |  2.2
Stealth        | 1 2 |  2.2
Unarmed Combat | 1 2 |  2.2
Spellcasting   | 1 2 |  2.2
Evocations     | 1 2 |  2.2
Conjurations   | 1 |  1.7
Hexes          | 1 |  1.7
Summonings     | 1 |  1.7
Necromancy     | 1 |  1.7
Translocations | 1 |  1.7
Transmutations | 1 |  1.7
Fire Magic     | 1 |  1.7
Ice Magic      | 1 |  1.7
Air Magic      | 1 |  1.7
Earth Magic    | 1 |  1.7
Poison Magic   | 1 |  1.7
Axes           | 5 |  5.1
Fighting       | |  6.9
Armour         | |  6.9
Shields        | |  6.9

Action                   |  1- 3 |  4- 6 |  7- 9 || total
-------------------------+-------+-------+-------++-------
Melee: War axe           |   102 |    61 |     4 ||   167
       Bite              |     7 |     6 |     1 ||    14
  Use: Scroll            |     6 |     4 |       ||    10
       Potion            |       |     2 |     1 ||     3
Armor: Scale mail        |    46 |    16 |       ||    62
       Chain mail        |       |    12 |       ||    12
Dodge: Dodged            |    32 |    12 |     1 ||    45
Block: Kite shield       |    47 |    26 |     2 ||    75

Table legend: (Time is in decaauts)
 A = Elapsed time spent in this place.
 B = Non-inter-level travel time spent in this place.
 C = Inter-level travel time spent in this place.
 D = Time resting spent in this place.
 E = Time spent auto-exploring this place.
 F = Levels seen in this place.
 G = Mean time per level.
                   A        B        C        D        E       F      G
               +--------+--------+--------+--------+--------+-----+--------+
         Total |   3325 |   3175 |    150 |    690 |   2046 |   4 |  831.2 |
       Dungeon |   3325 |   3175 |    150 |    690 |   2046 |   4 |  831.2 |
               +--------+--------+--------+--------+--------+-----+--------+

Top non-repeatable levels by time:
     D:2: 1116 daAuts
     D:1: 899 daAuts
     D:4: 674 daAuts
     D:3: 635 daAuts
